 Dungeon Crawl Stone Soup version 0.16.2-12-gd0ad4c3 (webtiles) character file.

8774 Charly the Cleaver (level 11, -11/97 HPs)
             Began as a Minotaur Berserker on Aug 16, 2016.
             Was a Priest of Trog.
             Mangled by a spiny frog (18 damage)
             ... on level 3 of the Lair of Beasts.
             The game lasted 00:29:40 (1911 turns).

Charly the Cleaver (Minotaur Berserker)             Turns: 1911, Time: 00:29:41

Health: -11/97     AC: 11    Str: 21    XL:     11   Next: 14%
Magic:  4/4        EV:  9    Int:  4    God:    Trog [***...]
Gold:   372        SH:  0    Dex: 14    Spells: 0 memorised, 10 levels left

rFire  . . .     SeeInvis +     a - +1 war axe (vamp)
rCold  . . .     Clarity  .     f - +3 ring mail
rNeg   . . .     SustAb   .     (no shield)
rPois  .         Gourm    +     (helmet restricted)
rElec  .         Spirit   .     (no cloak)
rCorr  .         Warding  .     k - +0 pair of gloves
rMut   .         Stasis   .     (no boots)
MR     .....                    o - amulet of the gourmand (curse)
Stlth  +.........               b - +3 ring of evasion
                                g - ring of see invisible

@: exhausted, held, slowed, very slow, not resistant to hostile enchantments,
very unstealthy
A: retaliatory headbutt, horns 2, MP-powered wands 1
a: Burn Spellbooks, Berserk, Trog's Hand, Renounce Religion


You were on level 3 of the Lair of Beasts.
You worshipped Trog.
Trog was most pleased with you.
You were full.

You visited 2 branches of the dungeon, and saw 14 of its levels.

You collected 372 gold pieces.

Inventory:

Hand weapons
 a - a +1 vampiric war axe (weapon)
Missiles
 q - a throwing net (quivered)
Armour
 f - a +3 ring mail (worn)
 k - a +0 pair of gloves (worn)
Jewellery
 b - a +3 ring of evasion (right hand)
 g - a ring of see invisible (left hand)
 h - an uncursed ring of magical power
 o - a cursed amulet of the gourmand (around neck)
Scrolls
 d - a scroll of identify
Potions
 e - 3 potions of restore abilities
 i - 2 potions of curing
 l - a potion of brilliance
 m - 2 potions of agility
 p - a potion of might
 t - 2 potions of cancellation
Books
 s - a book of Spatial Translocations

   Spells                             Type                      Level
   a - Apportation                    Translocation                1
   b - Blink                          Translocation                2
   c - Shroud of Golubria             Charms/Translocation         2
   d - Portal Projectile              Translocation                3
   e - Teleport Other                 Translocation                3
   f - Passage of Golubria            Translocation                4
   Trog disapproves of the use of such an item.
Comestibles
 c - a bread ration
 j - a meat ration
 n - a beef jerky
 r - 2 chunks of flesh


   Skills:
 + Level 9.3 Fighting
 * Level 14.3 Axes
 + Level 8.8 Armour
 + Level 8.3 Dodging


You had 10 spell levels left.
You didn't know any spells.

Dungeon Overview and Level Annotations

Branches:
Dungeon (11/15)              Lair (3/8) D:10         Shoals (0/5) Lair:3
 Temple: D:4-7        Snake: Lair:3-6    Spider: Lair:3-6       Orc: D:9-12

Altars:
Dithmenos
Nemelex Xobeh
Zin

Annotations:
D:10 Charly's ghost, experienced MiBe
D:11 Sapher's ghost, experienced TrTm
Lair:3 Harold


Innate Abilities, Weirdness & Mutations

You reflexively headbutt those who attack you in melee.
You have a pair of horns on your head.
You expend magic power (3 MP) to slightly strengthen your wands.


Message History

The spiny frog stings your black bear!
Your black bear dies!
Your black bear's corpse disappears in a puff of smoke!
The death yak gores you!
Unknown command.
You slice into the net. The death yak gores you!!
* * * LOW HITPOINT WARNING * * *
Unknown command.
Unknown command.
You slice the net and break free! The death yak closely misses you.
You furiously retaliate!
You headbutt the death yak. Harold closely misses you. You furiously retaliate!
You headbutt Harold, but do no damage.
The death yak gores you but does no damage.
Unknown command.
A death yak comes into view.
Harold throws a throwing net.
The throwing net hits you.
You become entangled in the net!
You see here a throwing net.
You struggle against the net.
The spiny frog stings you!!
You die...

###....### ..# #..<..#
##Y. #.....# #P..
........# # #....
...........#.
##..+###..P#....#.####
#P..........#.........
#...........$........
#..F@......#.........
###.#Y.................
#....@.................
###.#..............P.##
#................P##
#.#..............##
#..#..............#
#.$#..P.....#.....#
##..#P......#.....#


You could see 2 death yaks, Harold and a spiny frog.

Vanquished Creatures
  A hill giant (D:10)
  3 spiny frogs
  2 komodo dragons
  A fire drake (Lair:2)
  4 blink frogs (Lair:1)
  Prince Ribbit (D:5)
  23 yaks
  4 hippogriffs
  3 water moccasins
  3 porcupines
  A sky beast (D:10)
  A centaur (D:10)
  5 crocodiles
  4 giant frogs
  2 hounds
  3 iguanas
  3 orc wizards
  3 worker ants
  7 sheep
  A hound zombie (D:6)
  3 gnolls (D:4)
  A mummy (D:10)
  5 adders
  10 river rats (Lair:1)
  11 orcs
  3 bats
  A giant cockroach (D:3)
  3 goblins
  5 hobgoblins
  4 kobolds
  4 quokkas
  A giant spore (D:6)
  A rat (D:3)
127 creatures vanquished.

Vanquished Creatures (others)
  A black bear (Lair:3)
  A shadow imp (D:6)
  A giant spore (D:9)
3 creatures vanquished.

Grand Total: 130 creatures vanquished

Notes
Turn   | Place    | Note
--------------------------------------------------------------
     0 | D:1      | Charly, the Minotaur Berserker, began the quest for the Orb.
     0 | D:1      | Reached XP level 1. HP: 19/19 MP: 1/1
   119 | D:3      | Reached skill level 4 in Axes
   121 | D:3      | Noticed an orc wizard
   126 | D:3      | Killed an orc wizard
   126 | D:3      | Reached skill level 5 in Axes
   126 | D:3      | Reached XP level 2. HP: 26/26 MP: 1/1
   127 | D:3      | Reached XP level 3. HP: 31/31 MP: 2/2
   132 | D:3      | Found a shadowy altar of Dithmenos.
   182 | D:4      | Reached skill level 6 in Axes
   182 | D:4      | Reached XP level 4. HP: 39/39 MP: 2/2
   233 | D:4      | Reached XP level 5. HP: 42/46 MP: 2/2
   445 | D:4      | Acquired Trog's second power
   499 | D:5      | Entered Level 5 of the Dungeon
   499 | D:5      | Noticed Prince Ribbit
   519 | D:5      | Killed Prince Ribbit
   519 | D:5      | Reached skill level 5 in Fighting
   519 | D:5      | Reached XP level 6. HP: 56/56 MP: 3/3
   522 | D:5      | Found a glowing silver altar of Zin.
   555 | D:6      | Found a sparkling altar of Nemelex Xobeh.
   759 | D:10     | Entered Level 10 of the Dungeon
   780 | D:10     | Noticed a hippogriff
   786 | D:10     | Killed a hippogriff
   786 | D:10     | Reached skill level 7 in Axes
   786 | D:10     | Reached XP level 7. HP: 61/61 MP: 3/3
   889 | D:11     | Noticed a yak
   889 | D:11     | Noticed a yak
   890 | D:11     | Noticed a yak
   984 | D:10     | Noticed a hill giant
   999 | D:10     | Killed a hill giant
   999 | D:10     | Reached skill level 9 in Axes
   999 | D:10     | Reached XP level 8. HP: 69/69 MP: 3/3
  1019 | D:10     | Noticed Charly's ghost (experienced MiBe)
  1096 | D:11     | Noticed Sapher's ghost (experienced TrTm)
  1099 | D:11     | Noticed a brown ugly thing
  1109 | D:10     | Reached skill level 10 in Axes
  1114 | D:10     | Gained mutation: You expend magic power (3 MP) to slightly strengthen your wands. [mutagenic meat]
  1182 | D:10     | Noticed a yak
  1183 | D:10     | Found a staircase to the Lair.
  1183 | D:10     | Noticed a yak
  1183 | D:10     | Noticed a yak
  1183 | D:10     | Noticed a yak
  1183 | D:10     | Noticed a yak
  1184 | D:10     | Noticed a yak
  1184 | D:10     | Noticed a yak
  1191 | D:10     | Killed a yak
  1191 | D:10     | Killed a yak
  1191 | D:10     | Reached skill level 5 in Armour
  1192 | D:10     | Killed a yak
  1192 | D:10     | Killed a yak
  1192 | D:10     | Reached skill level 11 in Axes
  1192 | D:10     | Reached skill level 5 in Dodging
  1193 | D:10     | Killed a yak
  1194 | D:10     | Killed a yak
  1194 | D:10     | Reached XP level 9. HP: 78/78 MP: 4/4
  1197 | D:10     | Killed a yak
  1256 | Lair:1   | Entered Level 1 of the Lair of Beasts
  1289 | Lair:1   | Noticed a spiny frog
  1295 | Lair:1   | Killed a spiny frog
  1295 | Lair:1   | Reached skill level 12 in Axes
  1344 | Lair:1   | Noticed a spiny frog
  1351 | Lair:1   | Killed a spiny frog
  1351 | Lair:1   | Reached XP level 10. HP: 88/88 MP: 4/4
  1366 | Lair:1   | Reached skill level 13 in Axes
  1780 | Lair:3   | Reached skill level 14 in Axes
  1782 | Lair:3   | Reached XP level 11. HP: 97/97 MP: 4/4
  1810 | Lair:3   | Found a staircase to the Shoals.
  1889 | Lair:3   | Acquired Trog's third power
  1894 | Lair:3   | Noticed Harold
  1902 | Lair:3   | Noticed a death yak
  1910 | Lair:3   | Noticed a death yak
  1911 | Lair:3   | Mangled by a spiny frog

Action                   |  1- 3 |  4- 6 |  7- 9 | 10-12 || total
-------------------------+-------+-------+-------+-------++-------
Melee: Hand axe          |    19 |       |       |       ||    19
       Whip              |       |    46 |    30 |       ||    76
       War axe           |       |       |    60 |   103 ||   163
Invok: Berserk           |     2 |     4 |     5 |     4 ||    15
       Trog's Hand       |       |       |     1 |       ||     1
       Brothers in Arms  |       |       |       |     1 ||     1
  Use: Scroll            |       |     4 |     5 |     2 ||    11
  Eat: Chunk             |       |     5 |    18 |     5 ||    28
       Pizza             |       |       |       |     1 ||     1
